AoeStats
← Audi_13

Arabia

510571094Analyzed
2v2 RM · 13h ago on Oct 1, 2026· 27m 58s· 4 players
Game mode
Random Map
Map size
Medium (4 player)
Population
200
Speed
Normal
Resources
Standard
Victory
Conquest
Starting age
Dark Age
Ending age
Imperial Age
RankedLock teamsTeams togetherTeam positionsShared explorationLock speedFull tech treeHidden civsTurbo modeCheats
Victory
Defeat
🇦🇷 Inca · Argentina
1657
+7
🇺🇸 Ethiopians · United States
1135
+25
🇨🇴 Magyars · Colombia
1413
-17
🇺🇦 Ethiopians · Ukraine
1376
-15
Audi_13
5:50 Loom
9:10 Feudal Age
10:03 Double-Bit Axe
12:34 Fletching
19:18 Wheelbarrow
22:33 Castle Age
21:33 Horse Collar
21:56 Padded Archer Armor
22:37 Crossbowman
23:15 Bodkin Arrow
Volrath
6:29 Loom
9:00 Feudal Age
9:42 Double-Bit Axe
10:01 Horse Collar
17:13 Bloodlines
22:29 Fletching
25:58 Castle Age
24:32 Gold Mining
25:47 Scale Barding Armor
26:49 Bow Saw
26:43 Husbandry
PeneTratoR_
8:00 Loom
10:24 Feudal Age
12:16 Double-Bit Axe
16:38 Fletching
16:48 Padded Archer Armor
27:35 Castle Age
27:42 Crossbowman
28:18 Bodkin Arrow
28:34 Bow Saw
28:04 Horse Collar
28:16 Gold Mining
29:04 Wheelbarrow
_Platense
6:37 Loom
9:00 Feudal Age
9:09 Champi Runner
11:34 Arson
12:11 Double-Bit Axe
13:28 Horse Collar
17:57 Forging
19:00 Scale Mail Armor
21:22 Wheelbarrow
24:16 Castle Age
22:34 Gold Mining
24:59 Squires
24:19 Champi Warrior
25:19 Chain Mail Armor
25:49 Hand Cart
26:09 Iron Casting
25:36 Heavy Plow
Connection lost

Rejoining the realm…

Still unreachable

The connection could not be restored.

Session expired

The server has moved on; the page needs a fresh start.